 Dungeon Crawl Stone Soup version 0.17-a0-2064-g265a032 (webtiles) character file.

906 graki42 the Shield-Bearer (level 7, -13/61 HPs)
             Began as a Minotaur Fighter on Oct 12, 2015.
             Mangled by an orc warrior
             ... wielding a +0 battleaxe
              (17 damage)
             ... on level 5 of the Dungeon.
             The game lasted 00:11:46 (3836 turns).

graki42 the Shield-Bearer (Minotaur Fighter)        Turns: 3836, Time: 00:11:47

Health: -13/61     AC:  7    Str: 27    XL:     7   Next: 81%
Magic:  6/6        EV: 15    Int:  5    God:
Gold:   237        SH: 12    Dex: 15    Spells: 0 memorised, 6 levels left

rFire  . . .     SeeInvis .     a - +0 war axe
rCold  . . .     Clarity  .     l - +0 scale mail
rNeg   + . .     SustAt   .     c - +1 shield
rPois  .         Gourm    .     (helmet restricted)
rElec  .         Spirit   .     (no cloak)
rCorr  .         Warding  +     (no gloves)
rMut   .         Stasis   .     (no boots)
MR     ++...                    n - amulet of warding
Stlth  +.........               r - ring of protection from magic
                                v - ring of protection from magic

@: mighty, agile, very resistant to hostile enchantments, very unstealthy
A: retaliatory headbutt, horns 2
a: no special abilities


You were on level 5 of the Dungeon.
You were not hungry.

You visited 1 branch of the dungeon, and saw 5 of its levels.
You also visited: Sewer.

You collected 237 gold pieces.

Inventory:

Hand Weapons
 a - a +0 war axe (weapon)
Armour
 c - a +1 shield (worn)
 l - a +0 scale mail (worn)
Jewellery
 i - an uncursed ring of flight
 n - an amulet of warding (around neck)
 r - a ring of protection from magic (right hand)
 v - a ring of protection from magic (left hand)
Scrolls
 b - 2 scrolls of noise
 f - 5 scrolls of identify
 g - a scroll of enchant armour
 h - a scroll of blinking {unknown}
 o - 2 scrolls of fear
 q - 2 scrolls of remove curse
 w - 2 scrolls of amnesia {unknown}
 y - a scroll of immolation {unknown}
 z - 2 scrolls of teleportation {unknown}
Potions
 k - a potion of haste {unknown}
 A - 2 potions of magic
Comestibles
 e - 5 bread rations
 m - 7 fruits
 p - a beef jerky
 t - a slice of pizza
 u - 2 meat rations


   Skills:
 * Level 5.5 Fighting
 * Level 5.7 Axes
 * Level 5.9 Armour
 + Level 3.2 Dodging
 - Level 0.1 Stealth
 * Level 6.7 Shields


You had 6 spell levels left.
You didn't know any spells.

Dungeon Overview and Level Annotations

Branches:
Dungeon (5/15)
 Temple: D:4-7

Altars:
Cheibriados
Xom


Innate Abilities, Weirdness & Mutations

You reflexively headbutt those who attack you in melee.
You have a pair of horns on your head.


Message History

The orc wizard is almost dead.
The orc wizard hits you but does no damage.
The orc warrior hits you with a battleaxe.
* * * LOW HITPOINT WARNING * * *
You block the orc wizard's attack.
You hit the orc warrior.
The orc warrior is severely wounded.
Your scale mail prevents you from hitting the orc wizard.
The orc wizard is almost dead.
The orc wizard closely misses you. The orc warrior closely misses you.
The orc wizard gestures wildly while chanting.
The orc wizard blinks!
Drink which item? (? for menu, Esc to quit)
It was a potion of magic.
Magic courses through your body. You block the orc warrior's attack.
Drink which item? (? for menu, Esc to quit)
It was a potion of agility.
You feel agile all of a sudden.
The orc warrior hits you with a battleaxe!
You die...

.###########
...........######
.#.(...........#
.......o)#.####.#
..#.####@#.# #.#
# #o#.# #.# #.#.#
#.#.# #.#.# #(#.#
#.#.# #.#(#
.####.#.####.#.#
.............#.#
#####.#†######.#
#
........######.#


You could see an orc warrior and an orc wizard.

Vanquished Creatures
  The ghost of emiel the Chopper, an amateur MiFi (Sewer)
  An ice beast (D:5)
  An orc warrior (D:5)
  An ogre (D:4)
  3 hounds
  2 orc priests (D:4)
  An orc wizard (D:5)
  Jessica (D:3)
  Natasha (twice) (D:3)
  2 worker ants
  A worker ant zombie (D:5)
  15 adders
  A river rat (D:4)
  2 oozes
  5 worms
  A giant gecko (D:4)
  11 orcs
  3 giant cockroaches
  5 hobgoblins
  15 jackals
  A quokka (D:3)
  7 ball pythons
  5 bats
  A giant gecko skeleton (D:5)
  9 giant newts
  6 goblins
  13 kobolds
  5 rats
  A plant (Sewer)
122 creatures vanquished.

Vanquished Creatures (others)
  A plant (Sewer)
1 creature vanquished.

Grand Total: 123 creatures vanquished

Notes
Turn   | Place    | Note
--------------------------------------------------------------
     0 | D:1      | graki42 the Minotaur Fighter began the quest for the Orb.
     0 | D:1      | Reached XP level 1. HP: 19/19 MP: 0/0
    85 | D:1      | Reached XP level 2. HP: 24/27 MP: 1/1
   122 | D:1      | Found a shimmering altar of Xom.
   129 | D:1      | Reached skill level 4 in Shields
   582 | D:2      | Reached XP level 3. HP: 26/33 MP: 2/2
   846 | D:2      | Found a snail-covered altar of Cheibriados.
   866 | D:2      | Reached XP level 4. HP: 38/40 MP: 3/3
   914 | D:2      | Reached skill level 1 in Dodging
  1367 | D:3      | Noticed Jessica
  1375 | D:3      | Killed Jessica
  1375 | D:3      | Reached XP level 5. HP: 17/47 MP: 4/4
  1739 | D:3      | Noticed Natasha
  1748 | D:3      | Killed Natasha
  1964 | D:3      | Noticed Natasha
  1972 | D:3      | Killed Natasha
  1972 | D:3      | Reached skill level 5 in Armour
  2022 | D:4      | Reached skill level 5 in Shields
  2089 | D:4      | Reached XP level 6. HP: 21/53 MP: 5/5
  2099 | D:4      | Found a glowing drain.
  2117 | Sewer    | Entered a sewer
  2270 | Sewer    | Noticed emiel's ghost (amateur MiFi)
  2288 | Sewer    | Killed emiel's ghost
  2618 | Sewer    | Reached skill level 5 in Fighting
  2971 | D:4      | Noticed an ogre
  2979 | D:4      | Killed an ogre
  2979 | D:4      | Reached XP level 7. HP: 61/61 MP: 6/6
  3021 | D:4      | Reached skill level 5 in Axes
  3106 | D:4      | Reached skill level 6 in Shields
  3623 | D:5      | Entered Level 5 of the Dungeon
  3836 | D:5      | Mangled by an orc warrior

Vault maps used:
D:1:      dpeg_arrival_ternary, xom_teletrap_fun
D:2:      cheibriados_altar_1, lightli_corner_chamber
D:3:      uniq_jessica, uniq_natasha
D:4:      gup_sewer_entry_bubbles, kennysheep_generic_room_4
D:5:      first_bread
Sewer:    sewer_co_scattered_pipes

Action                   |  1- 3 |  4- 6 |  7- 9 || total
-------------------------+-------+-------+-------++-------
Melee: War axe           |    84 |   231 |    58 ||   373
Throw: Tomahawk          |       |       |     3 ||     3
  Use: Scroll            |       |     5 |     2 ||     7
       Potion            |       |     2 |     4 ||     6
  Eat: Chunk             |       |     7 |     3 ||    10
       Fruit             |       |       |     1 ||     1
